AoeStats
← Negro Raymundo

Arena

508578395Analyzed
3v3 RM · 11d ago on Sep 23, 2026· 27m 39s· 6 players
Game mode
Random Map
Map size
Normal (6 player)
Population
200
Speed
Normal
Resources
Standard
Victory
Conquest
Starting age
Dark Age
Ending age
Imperial Age
RankedLock teamsTeams togetherTeam positionsShared explorationLock speedFull tech treeHidden civsTurbo modeCheats
Victory
Defeat
🇺🇾 Varangians · Uruguay
1793
+14
🇺🇾 Italians · Uruguay
1702
+18
🇺🇾 Bohemians · Uruguay
1552
+24
🇨🇴 Italians · Colombia
1796
-21
🇨🇴 Bohemians · Colombia
1750
-19
🇨🇴 Persians · Colombia
1686
-16
FMG | Camilo
9:27 Feudal Age
13:19 Castle Age
11:40 Horse Collar
12:29 Double-Bit Axe
15:15 Bow Saw
16:17 Loom
19:41 Heavy Plow
21:50 Wheelbarrow
22:54 Hand Cart
24:06 Town Watch
24:16 Gold Mining
25:27 Stone Mining
28:28 Imperial Age
26:04 Scale Mail Armor
26:57 Gambesons
27:13 Squires
27:29 Chain Mail Armor
28:16 Forging
|FMG| twitch/JabsUY
9:34 Feudal Age
13:31 Castle Age
11:58 Double-Bit Axe
12:25 Horse Collar
14:51 Bow Saw
16:18 Loom
17:19 Wheelbarrow
17:38 Fervor
20:58 Chemistry
27:09 Imperial Age
|FMG| TINCHO
11:45 Feudal Age
15:44 Castle Age
14:35 Double-Bit Axe
20:45 Imperial Age
18:54 Gold Mining
18:58 Fletching
20:05 Bodkin Arrow
21:33 Bracer
22:52 Loom
27:05 Chemistry
25:47 Horse Collar
26:18 Bow Saw
27:27 Ballistics
[CLB]PEGASO
10:58 Feudal Age
14:45 Castle Age
13:06 Double-Bit Axe
13:03 Horse Collar
16:19 Bow Saw
21:53 Loom
25:24 Imperial Age
NuMa | Toth
9:51 Feudal Age
13:38 Castle Age
11:32 Double-Bit Axe
11:56 Horse Collar
15:20 Wheelbarrow
14:56 Bow Saw
17:58 Loom
18:00 Town Watch
26:07 Imperial Age
25:56 Fletching
26:13 Elite Skirmisher
27:00 Bodkin Arrow
Negro Raymundo
10:04 Feudal Age
14:22 Castle Age
12:39 Double-Bit Axe
13:02 Horse Collar
19:04 Loom
22:16 Bow Saw
22:00 Town Watch
22:48 Heavy Plow
28:27 Imperial Age
26:33 Wheelbarrow
25:55 Gold Mining
26:50 Bloodlines
27:13 Scale Barding Armor
27:33 Husbandry
27:45 Forging
Connection lost

Rejoining the realm…

Still unreachable

The connection could not be restored.

Session expired

The server has moved on; the page needs a fresh start.